 Dungeon Crawl Stone Soup version 0.31.0-9-g3a7656b989 (webtiles) character file.

Game seed: 8758719655105702918

4052 Kenran the Carver (level 10, -3/81 HPs)
             Began as an Armataur Gladiator on Jan 31, 2024.
             Was an Initiate of Yredelemnul.
             Slain by a two-headed ogre
             ... wielding a +0 giant spiked club
              (16 damage)
             ... on level 9 of the Dungeon.
             The game lasted 00:18:12 (7677 turns).

Kenran the Carver (Armataur Gladiator)              Turns: 7677, Time: 00:18:12

Health: -3/81      AC: 14    Str: 25    XL:     10   Next: 4%
Magic:  11/11      EV:  7    Int:  8    God:    Yredelemnul [......]
Gold:   514        SH:  0    Dex: 12    Spells: 9/9 levels left

rFire   + . .        a - +0 long sword
rCold   . . .        v - +3 buckler of Discretion {Rampage Str+3 Slay+3}
rNeg    . . .        b - +0 leather armour
rPois   .            (helmet restricted)
rElec   .            (no cloak)
rCorr   .            o - +0 pair of gloves
SInv    .            u - +0 barding
Will    .....        A - amulet of reflection
Stlth   +            q - +4 ring of protection
HPRegen 0.33/turn    B - ring of protection from fire
MPRegen 0.12/turn

%: reflection, roll
@: confused, ambrosia-drunk
A: large, deformed body, tough skin 3, armoured tail, roll 2, horns 1, clumsy 1
a: Renounce Religion, Recall Undead Harvest


You were on level 9 of the Dungeon.
You worshipped Yredelemnul.
Yredelemnul was noncommittal.
You visited 1 branch of the dungeon, and saw 9 of its levels.

You collected 514 gold pieces.

Inventory:

Hand Weapons
 a - a +0 long sword (weapon)
 s - the +11 plutonium sword {^Contam Stlth-}
   (You found it on level 4 of the Dungeon)

   ^Contam:   It causes magical contamination when unequipped.
   Stlth-:    It makes you less stealthy.
Missiles
 d - 5 throwing nets (quivered)
 e - a javelin
Armour
 b - a +0 leather armour (worn)
 c - a +1 helmet
 o - a +0 pair of gloves (worn)
 u - a +0 barding (worn)
 v - the +3 buckler of Discretion (worn) {Rampage Str+3 Slay+3}
   (You acquired it on level 5 of the Dungeon)

   Str+3:     It affects your strength (+3).
   Slay+3:    It affects your accuracy & damage with ranged weapons and melee
   (+3).
   Rampage:   It bestows one free step when moving towards enemies.
Jewellery
 q - a +4 ring of protection (left hand)
 A - an amulet of reflection (around neck)
 B - a ring of protection from fire (right hand)
Wands
 j - a wand of flame (12)
 w - a wand of mindburst (23)
 C - a wand of polymorph (5)
 E - a wand of digging (3)
Scrolls
 g - 2 scrolls of blinking
 h - a scroll of poison {!r}
 n - a scroll of immolation {!r}
 r - a scroll of amnesia
 y - a scroll of fog {unknown}
 D - 2 scrolls of butterflies
 F - a scroll of identify {@r1}
 I - a scroll of noise {!r}
 J - a scroll of silence
Potions
 f - 2 potions of brilliance
 i - a potion of cancellation
 k - 2 potions of heal wounds {@q2}
 l - a potion of attraction {unknown}
 p - a potion of might {unknown}
 t - 2 potions of mutation {!q}
 x - a potion of haste {unknown}
 H - a potion of magic {unknown}


   Skills:
 + Level 5.3 Fighting
 - Level 12.0 Long Blades
 - Level 1.7 Throwing
 - Level 2.0 Armour
 - Level 2.1 Dodging
 - Level 2.0 Shields
 - Level 2.0 Invocations
 - Level 2.0 Evocations


You had 9 spell levels left.
You didn't know any spells.
Your spell library contained the following spells:

 Spells                   Type           Power      Damage    Failure   Level
 Shock                    Conj/Air       0%         1d3       52%         1
 Cigotuvi's Dreadful Rot  Necr/Alch/Air  0%         N/A       65%         2
 Lesser Beckoning         Tloc           0%         N/A       65%         2
 Gell's Gravitas          Tloc           0%         N/A       87%         3
 Swiftness                Air            0%         N/A       87%         3
 Teleport Other           Tloc           0%         N/A       87%         3
 Airstrike                Air            0%         2d(0-16)  99%         4
 Dispel Undead            Necr           0%         3d6       99%         4
 Martyr's Knell           Necr/Summ      0%         N/A       99%         4
 Borgnjor's Vile Clutch   Necr/Erth      0%         N/A       100%        5
 Malign Gateway           Summ/Tloc      0%         N/A       100%        7
 Summon Horrible Things   Summ           0%         N/A       100%        8
 Animate Dead             Necr           Unusable   N/A       N/A         4
 Death Channel            Necr           Unusable   N/A       N/A         6

Dungeon Overview and Level Annotations

Branches:
Dungeon (9/15)             Temple (0/1) D:5             Orc (0/2) D:9
   Lair: D:8-11

Altars:
Cheibriados
Fedhas
Gozag
Nemelex Xobeh
Wu Jian
Yredelemnul

Annotations:
D:5 exclusion: oklob plant
D:7 2 runed translucent doors, exclusion: orange crystal statue
D:8 Grum
D:9 Gastronok


Innate Abilities, Weirdness & Mutations

Armour fits poorly on your strangely shaped body.
You have extremely tough skin. (AC +3)
You have a long armoured tail.
You regenerate magic and health when rolling toward enemies. (Rampage Regen)
You have a pair of small horns on your head.
You are clumsy. (Dex -2)


Message History

You're too confused to move!
You feel sick.
The killer bee stings you but does no damage.
You bump into the rock wall.
You feel sick.
You bump into the rock wall.
You feel sick.
The two-headed ogre hits you but does no damage. x2
Gastronok the Ponderous comes into view.
You are too confused!
It was a potion of heal wounds.
You feel much better.
You feel sick.
Gastronok gurgles horribly!
The two-headed ogre hits you with a +0 giant spiked club!
The two-headed ogre hits you with a +0 giant club!
* * * LOW HITPOINT WARNING * * *
You feel sick.
You feel sick.
A kobold brigand comes into view.
It is wielding a +0 dagger and quivering poisoned darts.
You barely miss the two-headed ogre.
Your tail-slap misses the two-headed ogre.
You feel sick.
You are no longer poisoned.
The two-headed ogre hits you with a +0 giant spiked club!
* * * LOW HITPOINT WARNING * * *
The two-headed ogre hits you with a +0 giant club.
* * * LOW HITPOINT WARNING * * *
You hit the two-headed ogre.
The two-headed ogre is lightly wounded.
You are too confused!
Unknown command.
You slash the two-headed ogre!
You headbutt the two-headed ogre, but do no damage.
The two-headed ogre is moderately wounded.
The two-headed ogre hits you with a +0 giant spiked club!
* * * LOW HITPOINT WARNING * * *
The two-headed ogre hits you with a +0 giant club.
* * * LOW HITPOINT WARNING * * *
You barely miss the two-headed ogre.
Your tail-slap misses the two-headed ogre.
The two-headed ogre is moderately wounded.
The two-headed ogre hits you with a +0 giant spiked club!
You die...
Your body rises from the dead as a mindless zombie.

##### #...# #######.#.###
#8...8#Z#...### ###
#....Z#Z###...# ... #..>.ZZ.#
###.####### ....
#.....#)#####o......### .....
#8...8#)#.@Oyyow.......
....########)######Ko.......
#.........)...#.oy.........
#.##..........#.oy......... #
#........).#=..o........
###.##.#####.##.#...######...
.................... ...
###.##.###...##.#... .. #
#.#.)......#....


You could see Gastronok, a two-headed ogre, 2 orc warriors, a kobold brigand, 2
killer bees and an orc.

Vanquished Creatures
  Maggie (D:8)
  A troll (D:9)
  A yak (D:7)
  A steam dragon (D:7)
  A water moccasin (D:9)
  3 orc warriors (D:9)
  3 wolves
  2 ogres
  2 centaurs
  2 kobold brigands (D:9)
  4 bullfrogs
  A gnoll sergeant (D:9)
  A scorpion (D:7)
  2 wights (D:7)
  4 killer bees (D:8)
  2 howler monkeys (D:9)
  3 hounds
  A bombardier beetle (D:6)
  An orc priest (D:4)
  3 sleepcaps
  4 orc wizards
  14 gnolls
  8 adders
  4 ribbon worms
  3 dart slugs
  20 orcs
  8 ball pythons
  5 bats
  9 endoplasms
  3 giant cockroaches
  4 goblins
  12 hobgoblins
  3 jackals (D:1)
  11 kobolds
  4 quokkas
  3 frilled lizards (D:3)
  5 rats
159 creatures vanquished.

Vanquished Creatures (collateral kills)
  A hornet (D:9)
  A steam dragon (D:9)
  An ice beast (D:5)
  An ogre (D:9)
  3 kobold brigands
  A killer bee (D:9)
  A sleepcap (D:4)
  A hound (D:5)
  An adder (D:4)
  A dart slug (D:3)
  A ribbon worm (D:5)
  An orc (D:9)
14 creatures vanquished.

Vanquished Creatures (others)
  2 killer bees (D:9)
  A troll zombie (D:9)
  2 killer bee zombies (D:9)
  An ogre zombie (D:9)
  A steam dragon zombie (D:9)
  An adder zombie (D:4)
  3 gnoll zombies
  A ball python zombie (D:1)
  2 endoplasm zombies (D:3)
  A frilled lizard zombie (D:3)
  A giant cockroach zombie (D:4)
  4 kobold zombies
  6 orc zombies
26 creatures vanquished.

Grand Total: 199 creatures vanquished

Notes
Turn   | Place    | Note
-------+----------+-------------------------------------------
     0 | D:1      | Kenran the Armataur Gladiator began the quest for the Orb.
     0 | D:1      | Reached XP level 1. HP: 17/17 MP: 1/1
    48 | D:1      | Reached skill level 3 in Long Blades
    56 | D:1      | Reached XP level 2. HP: 16/24 MP: 2/2
   319 | D:1      | Reached XP level 3. HP: 29/29 MP: 3/3
   701 | D:1      | Found a faded altar of an unknown god.
   706 | D:1      | Prayed at the altar of an unknown god.
   706 | D:1      | Became a worshipper of Yredelemnul the Dark
   899 | D:2      | Reached skill level 4 in Long Blades
  1059 | D:2      | Reached * piety under Yredelemnul
  1300 | D:2      | Reached XP level 4. HP: 36/36 MP: 4/4
  1816 | D:3      | Found a sparkling altar of Nemelex Xobeh.
  2033 | D:3      | Reached skill level 5 in Long Blades
  2150 | D:3      | Found a snail-covered altar of Cheibriados.
  2205 | D:3      | Reached XP level 5. HP: 39/41 MP: 5/5
  2263 | D:3      | Reached ** piety under Yredelemnul
  2472 | D:4      | Identified the +1 leather armour of Panentheism {rN+ Dex-2
                  | Stlth+}
  2828 | D:4      | Reached skill level 6 in Long Blades
  2986 | D:4      | Reached XP level 6. HP: 41/48 MP: 6/6
  3328 | D:4      | Found the +11 plutonium sword {^Contam Stlth-}
  3622 | D:5      | Entered Level 5 of the Dungeon
  3768 | D:5      | Identified a scroll of acquirement
  3769 | D:5      | Acquired the +3 buckler of Discretion {Rampage Str+3
                  | Slay+3}
  3784 | D:5      | Noticed an ice beast
  3798 | D:5      | Killed an ice beast
  3799 | D:5      | Reached skill level 7 in Long Blades
  3875 | D:5      | Found a blossoming altar of Fedhas.
  3894 | D:5      | Noticed an oklob plant
  4121 | D:5      | Gained mutation: You regenerate magic and health when
                  | rolling toward enemies. (Rampage Regen) [Armataur growth]
  4121 | D:5      | Reached XP level 7. HP: 36/55 MP: 7/7
  4302 | D:5      | Found an ornate altar of the Wu Jian Council.
  4450 | D:5      | Found a staircase to the Ecumenical Temple.
  4871 | D:6      | Reached skill level 8 in Long Blades
  4906 | D:6      | Reached skill level 1 in Armour
  5201 | D:6      | Found an opulent altar of Gozag.
  5516 | D:7      | Noticed a steam dragon
  5536 | D:7      | Killed a steam dragon
  5537 | D:7      | Reached XP level 8. HP: 24/63 MP: 8/8
  5914 | D:7      | Reached skill level 9 in Long Blades
  6158 | D:7      | Found a runed translucent door.
  6172 | D:7      | Found the +10 tower shield of Ignorance {rN+ Int-4}
  6178 | D:7      | Found a runed translucent door.
  6269 | D:7      | Noticed an orange crystal statue
  6583 | D:8      | Noticed Grum
  6801 | D:7      | Reached skill level 10 in Long Blades
  7059 | D:8      | Reached skill level 1 in Shields
  7060 | D:8      | Reached skill level 1 in Invocations
  7060 | D:8      | Reached skill level 1 in Evocations
  7064 | D:8      | Reached XP level 9. HP: 62/71 MP: 9/9
  7100 | D:8      | Noticed a death yak
  7100 | D:8      | Noticed a death yak
  7119 | D:8      | Noticed a death yak
  7326 | D:8      | Noticed Maggie
  7337 | D:8      | Killed Maggie
  7413 | D:9      | Found a staircase to the Orcish Mines.
  7413 | D:9      | Noticed a troll
  7457 | D:9      | Reached skill level 11 in Long Blades
  7512 | D:9      | Killed a troll
  7609 | D:9      | Reached skill level 12 in Long Blades
  7656 | D:9      | Noticed a two-headed ogre
  7658 | D:9      | Reached skill level 5 in Fighting
  7658 | D:9      | Reached XP level 10. HP: 34/81 MP: 11/11
  7664 | D:9      | Gained mutation: You have a pair of small horns on your
                  | head. [potion of mutation]
  7664 | D:9      | Gained mutation: You are clumsy. (Dex -2) [potion of
                  | mutation]
  7670 | D:9      | Noticed Gastronok
  7677 | D:9      | Slain by a two-headed ogre

Illustrated notes

Levels and vault maps discovered:
D:1:      zelgadis_glass_arrival_small, layout_loops_ring,
          hellmonk_ecumenical_altar_leap_of_faith
D:2:      layout_basic
D:3:      layout_basic, nemelex_diamond_rough_becter, kennysheep_slug_shrine
D:4:      layout_basic, minmay_misc_feat_secret_circle
D:5:      layout_gridville, tgw_fedhas, pdpol_wu_jian_five_deadly_venoms,
          minmay_temple_entry_glassed_door
D:6:      layout_basic, grunt_gozag_breadcrumbs
D:7:      layout_basic, chequers_guarded_unrand_ignorance
D:8:      layout_gridville, dpeg_lair_monsters, uniq_grum, uniq_maggie
D:9:      layout_basic, kennysheep_orc_monster_closet_entryway,
          minmay_st_funbox, serial_bayou_pond_b, uniq_gastronok

Skill      XL: |  1  2  3  4  5  6  7  8  9 |
---------------+----------------------------+-----
Fighting       | 2 3 4 5 |  5.3
Long Blades    | 3 4 5 6 7 8 10 12 | 12.0
Armour         | 2 |  2.0
Shields        | 1 2 |  2.0
Invocations    | 1 2 |  2.0
Evocations     | 1 2 |  2.0
Throwing       | |  1.7
Dodging        | |  2.1

Action                     |  1- 3 |  4- 6 |  7- 9 | 10-12 || total
---------------------------+-------+-------+-------+-------++-------
  Melee: Long sword        |   114 |   182 |   275 |     6 ||   577
         Tailslap          |    14 |    26 |    38 |       ||    78
         Punch             |     2 |     5 |       |       ||     7
         Headbutt          |       |       |       |     1 ||     1
  Throw: Throwing net      |     1 |       |       |       ||     1
 Invoke: Recall Undead Har |       |     2 |     1 |       ||     3
         Dark Bargain      |       |       |     2 |       ||     2
    Use: Scroll            |       |     9 |     6 |       ||    15
         Potion            |       |     3 |     3 |     4 ||    10
   Stab: Sleeping          |     1 |     2 |       |       ||     3
         Distracted        |       |     1 |     1 |       ||     2
 Armour: Leather armour    |    80 |   144 |   204 |    21 ||   449
  Dodge: Dodged            |    53 |    87 |    92 |     7 ||   239
  Block: Buckler           |       |     7 |   143 |     8 ||   158
         Reflection        |       |       |     7 |       ||     7
